MLB
SEATTLE MARINERS @ TEXAS RANGERS
10/01/2045
 
TOP OF THE 1ST
Seattle Mariners batting - Pitching for Texas Rangers : LHP Wayne Perry
Pitching: LHP Wayne Perry
Batting: RHB Steve Bartman Jr. 0-0: Ground out 5-3 (Groundball, 56, EV 86.9 MPH)
Batting: SHB Tze-meng Gan 0-0: Ball
1-0: Ball
2-0: Fly out, F5 (Popup, 5F, EV 68.8 MPH)
Batting: RHB Willie Cardamone 0-0: Foul Ball, location: 2F
0-1: Called Strike
0-2: Ball
1-2: Foul Ball, location: 2F
1-2: Strikes out swinging
Top of the 1st over - 0 runs, 0 hits, 0 errors, 0 left on base; Seattle 0 - Texas 0
BOTTOM OF THE 1ST
Texas Rangers batting - Pitching for Seattle Mariners : RHP Yuri Bijleveld
Pitching: RHP Yuri Bijleveld
Batting: RHB Zhao-ji Chi 0-0: Ground out 1-3 (Groundball, 15S, EV 61.2 MPH)
Batting: RHB David Casas 0-0: Ball
1-0: Ball
2-0: Called Strike
2-1: SINGLE (Line Drive, 3D, EV 96.9 MPH)
Batting: SHB John Giesbrecht 0-0: Called Strike
0-1: Ball
1-1: Ball
2-1: Ball
3-1: Foul Ball, location: 2F
3-2: Strikes out swinging
Batting: SHB Jun Tsuda 0-0: Ball
1-0: Called Strike
1-1: Fly out, F8 (Flyball, 89M, EV 78.1 MPH)
Bottom of the 1st over - 0 runs, 1 hit, 0 errors, 1 left on base; Seattle 0 - Texas 0
TOP OF THE 2ND
Seattle Mariners batting - Pitching for Texas Rangers : LHP Wayne Perry
Batting: SHB Floyd-William Goof 0-0: Called Strike
0-1: Swinging Strike
0-2: Strikes out looking
Batting: RHB Jose Vasquez 0-0: Called Strike
0-1: Swinging Strike
0-2: Ball
1-2: Foul Ball, location: 2F
1-2: Ball
2-2: Foul Ball, location: 2F
2-2: Ball
3-2: Ground out 5-3 (Groundball, 5, EV 78.1 MPH)
Batting: LHB Dae-ik Yoon 0-0: Fly out, F9 (Flyball, 9D, EV 87.5 MPH)
Top of the 2nd over - 0 runs, 0 hits, 0 errors, 0 left on base; Seattle 0 - Texas 0
BOTTOM OF THE 2ND
Texas Rangers batting - Pitching for Seattle Mariners : RHP Yuri Bijleveld
Batting: LHB Xavier Pittman 0-0: Called Strike
0-1: Ball
1-1: Ball
2-1: Swinging Strike
2-2: Strikes out looking
Batting: LHB Andy Bowman 0-0: Ball
1-0: Ball
2-0: Foul Ball, location: 2F
2-1: Foul Ball, location: 2F
2-2: Ball
3-2: Strikes out swinging
Batting: LHB Alejandro Soriano 0-0: Ball
1-0: Foul Ball, location: 2F
1-1: Ball
2-1: Swinging Strike
2-2: Ball
3-2: Foul Ball, location: 2F
3-2: Foul Ball, location: 2F
3-2: Ground out U3 (Groundball, 3L, EV 103.1 MPH)
Bottom of the 2nd over - 0 runs, 0 hits, 0 errors, 0 left on base; Seattle 0 - Texas 0
TOP OF THE 3RD
Seattle Mariners batting - Pitching for Texas Rangers : LHP Wayne Perry
Batting: RHB Liu-liang Lei 0-0: Ball
1-0: Foul Ball, location: 2F
1-1: Ball
2-1: Foul Ball, location: 2F
2-2: Strikes out swinging
Batting: RHB Jonathan Rangel 0-0: SINGLE (Flyball, 4D, EV 91.9 MPH)
Batting: SHB Nelson Powell 0-0: Called Strike
0-1: Ball
1-1: Ball
2-1: Foul Ball, location: 2F
2-2: Ball
3-2: Base on Balls
Jonathan Rangel to second
Batting: RHB Steve Bartman Jr. 0-0: Ball
1-0: Foul Ball, location: 2F
1-1: Ball
2-1: Ball
3-1: Foul Ball, location: 2F
3-2: Fly out, F8 (Flyball, 8LM, EV 75.6 MPH)
Batting: SHB Tze-meng Gan 0-0: Ball
1-0: Foul Ball, location: 2F
1-1: Swinging Strike
1-2: Strikes out looking
Top of the 3rd over - 0 runs, 1 hit, 0 errors, 2 left on base; Seattle 0 - Texas 0
BOTTOM OF THE 3RD
Texas Rangers batting - Pitching for Seattle Mariners : RHP Yuri Bijleveld
Batting: SHB Vince Ealy 0-0: Ball
1-0: Called Strike
1-1: Swinging Strike
1-2: SINGLE (Groundball, 56D, EV 81.2 MPH) (infield hit)
Batting: LHB Johan de Vries 0-0: Called Strike
0-1: Ball
1-1: Ball
2-1: Ball
3-1: Foul Ball, location: 2F
3-2: Foul Ball, location: 2F
3-2: 2-RUN HOME RUN (Line Drive, 7D, EV 97.5 MPH), Distance : 391 ft
Batting: RHB Zhao-ji Chi 0-0: SINGLE (Groundball, 4D, EV 103.8 MPH)
Batting: RHB David Casas 0-0: Ball
1-0: Called Strike
1-1: Ball
Pickoff Throw by Catcher to First - Out!
2-1: SOLO HOME RUN (Flyball, 9D, EV 93.1 MPH), Distance : 371 ft
Batting: SHB John Giesbrecht 0-0: Called Strike
0-1: Foul Ball, location: 2F
0-2: Ground out U3 (Groundball, 13, EV 83.8 MPH)
Batting: SHB Jun Tsuda 0-0: Called Strike
0-1: Fly out, F8 (Flyball, 8LS, EV 83.8 MPH)
Bottom of the 3rd over - 3 runs, 4 hits, 0 errors, 0 left on base; Seattle 0 - Texas 3
TOP OF THE 4TH
Seattle Mariners batting - Pitching for Texas Rangers : LHP Wayne Perry
Batting: RHB Willie Cardamone 0-0: Ground out 6-3 (Groundball, 6, EV 81.2 MPH)
Batting: SHB Floyd-William Goof 0-0: Ground out 3-1 (Groundball, 34S, EV 77.5 MPH)
Batting: RHB Jose Vasquez 0-0: Ball
1-0: Ball
2-0: Called Strike
2-1: Foul Ball, location: 2F
2-2: Ball
3-2: Fly out, F9 (Flyball, 9D, EV 109.4 MPH)
Top of the 4th over - 0 runs, 0 hits, 0 errors, 0 left on base; Seattle 0 - Texas 3
BOTTOM OF THE 4TH
Texas Rangers batting - Pitching for Seattle Mariners : RHP Yuri Bijleveld
Batting: LHB Xavier Pittman 0-0: Called Strike
0-1: Ball
1-1: Ground out 4-3 (Groundball, 34, EV 87.5 MPH)
Batting: LHB Andy Bowman 0-0: Called Strike
0-1: Foul Ball, location: 2F
0-2: Ball
1-2: Ground out 4-3 (Groundball, 4M, EV 96.9 MPH)
Batting: LHB Alejandro Soriano 0-0: Called Strike
0-1: Ball
1-1: SINGLE (Groundball, 4S, EV 65.0 MPH) (infield hit)
Batting: SHB Vince Ealy 0-0: Ball
1-0: Ground out 4-3 (Groundball, 4, EV 80.6 MPH)
Bottom of the 4th over - 0 runs, 1 hit, 0 errors, 1 left on base; Seattle 0 - Texas 3
TOP OF THE 5TH
Seattle Mariners batting - Pitching for Texas Rangers : LHP Wayne Perry
Batting: LHB Dae-ik Yoon 0-0: Called Strike
0-1: Ball
1-1: Foul Ball, location: 2F
1-2: Ball
2-2: Ground out 4-3 (Groundball, 4, EV 77.5 MPH)
Batting: RHB Liu-liang Lei 0-0: Ball
1-0: Called Strike
1-1: Ball
2-1: Swinging Strike
2-2: Ball
3-2: Base on Balls
Batting: RHB Jonathan Rangel 0-0: Called Strike
0-1: Foul Ball, location: 2F
0-2: Ball
1-2: Ground out U3 (Groundball, 34S, EV 67.5 MPH)
Liu-liang Lei to second
Batting: SHB Nelson Powell 0-0: Ball
1-0: Ball
2-0: Called Strike
2-1: Ball
3-1: Fly out, F4 (Line Drive, 4, EV 72.5 MPH)
Top of the 5th over - 0 runs, 0 hits, 0 errors, 1 left on base; Seattle 0 - Texas 3
BOTTOM OF THE 5TH
Texas Rangers batting - Pitching for Seattle Mariners : RHP Yuri Bijleveld
Batting: LHB Johan de Vries 0-0: Ball
1-0: SINGLE (Line Drive, 7S, EV 88.8 MPH)
Batting: RHB Zhao-ji Chi 0-0: Ball
1-0: Called Strike
Johan de Vries steals 2nd base
1-1: Called Strike
1-2: Foul Ball, location: 2F
1-2: Ball
2-2: Fly out, F9 (Flyball, 9LD, EV 106.9 MPH)
Runner from 2nd tags up, SAFE at 3rd, no throw by RF
Pitching: LHP Lance Crumpton
Batting: RHB David Casas 0-0: Ball
1-0: Foul Ball, location: 2F
1-1: Swinging Strike
1-2: Foul Ball, location: 2F
1-2: Ball
2-2: SINGLE (Line Drive, 9LS, EV 86.9 MPH)
Johan de Vries scores
Batting: SHB John Giesbrecht 0-0: Ball
1-0: Ball
2-0: Ball
Wild Pitch!
David Casas to second
3-0: Base on Balls
Batting: SHB Jun Tsuda 0-0: Ball
David Casas steals 3rd base
1-0: Ball
2-0: Ball
3-0: Called Strike
3-1: SINGLE (Groundball, 6M, EV 96.2 MPH)
David Casas scores
John Giesbrecht to second
Batting: LHB Xavier Pittman 0-0: Foul Ball, location: 2F
0-1: Grounds into double play, 4-6-3 (Groundball, 4, EV 80.6 MPH)
Bottom of the 5th over - 2 runs, 3 hits, 0 errors, 1 left on base; Seattle 0 - Texas 5
TOP OF THE 6TH
Seattle Mariners batting - Pitching for Texas Rangers : LHP Wayne Perry
Batting: RHB Steve Bartman Jr. 0-0: Foul Ball, location: 2F
0-1: Ball
1-1: Ball
2-1: Ball
3-1: Called Strike
3-2: Ground out U3 (Groundball, 3, EV 98.8 MPH)
Batting: SHB Tze-meng Gan 0-0: Called Strike
0-1: Ball
1-1: Swinging Strike
1-2: Foul Ball, location: 2F
1-2: Ball
2-2: Foul Ball, location: 2F
2-2: SINGLE (Line Drive, 89S, EV 103.8 MPH)
Batting: RHB Willie Cardamone 0-0: Ball
1-0: Ball
2-0: Called Strike
2-1: Ball
3-1: Called Strike
3-2: Foul Ball, location: 2F
3-2: Fly out, F5 (Flyball, 5D, EV 86.9 MPH)
Batting: SHB Floyd-William Goof 0-0: Swinging Strike
0-1: Ball
1-1: SINGLE (Groundball, 56D, EV 102.5 MPH)
Tze-meng Gan to second
Runner from 2nd tries for 3rd, SAFE, no throw by LF
Batting: RHB Jose Vasquez 0-0: Ball
1-0: Called Strike
1-1: Ball
2-1: SINGLE (Groundball, 56S, EV 63.8 MPH) (infield hit)
Tze-meng Gan scores
Floyd-William Goof to second
Batting: LHB Dae-ik Yoon 0-0: Called Strike
0-1: Ball
1-1: Called Strike
1-2: Ball
2-2: Strikes out swinging
Top of the 6th over - 1 run, 3 hits, 0 errors, 2 left on base; Seattle 1 - Texas 5
BOTTOM OF THE 6TH
Texas Rangers batting - Pitching for Seattle Mariners : LHP Lance Crumpton
Batting: LHB Andy Bowman 0-0: Ball
1-0: Called Strike
1-1: Foul Ball, location: 2F
1-2: Ground out 4-3 (Groundball, 4, EV 85.0 MPH)
Batting: LHB Alejandro Soriano 0-0: Swinging Strike
0-1: Foul Ball, location: 2F
0-2: Ball
1-2: Ball
2-2: Foul Ball, location: 2F
2-2: Strikes out swinging
Batting: SHB Vince Ealy 0-0: Ball
1-0: Foul Ball, location: 2F
1-1: Swinging Strike
1-2: Strikes out swinging
Bottom of the 6th over - 0 runs, 0 hits, 0 errors, 0 left on base; Seattle 1 - Texas 5
TOP OF THE 7TH
Seattle Mariners batting - Pitching for Texas Rangers : LHP Wayne Perry
Pitching: RHP Hector Aguado
Batting: RHB Liu-liang Lei 0-0: Ground out 4-3 (Groundball, 4S, EV 86.9 MPH)
Batting: RHB Jonathan Rangel 0-0: Ball
1-0: Foul Ball, location: 2F
1-1: Fly out, F9 (Flyball, 89XD, EV 95.0 MPH)
Batting: SHB Nelson Powell 0-0: Called Strike
0-1: Ball
1-1: Foul Ball, location: 2F
1-2: Ball
2-2: Foul Ball, location: 2F
2-2: Ball
3-2: Strikes out looking
Top of the 7th over - 0 runs, 0 hits, 0 errors, 0 left on base; Seattle 1 - Texas 5
BOTTOM OF THE 7TH
Texas Rangers batting - Pitching for Seattle Mariners : LHP Lance Crumpton
Pitching: RHP Jesse Crockett
Batting: LHB Johan de Vries 0-0: Ground out 4-3 (Groundball, 4S, EV 86.9 MPH)
Batting: RHB Zhao-ji Chi 0-0: Called Strike
0-1: Ground out 6-3 (Groundball, 6, EV 79.4 MPH)
Batting: RHB David Casas 0-0: SINGLE (Groundball, P, EV 86.2 MPH) (infield hit)
Batting: SHB John Giesbrecht 0-0: Ball
1-0: Ball
2-0: Ball
3-0: Called Strike
3-1: Foul Ball, location: 2F
3-2: Fly out, F7 (Flyball, 78M, EV 86.2 MPH)
Bottom of the 7th over - 0 runs, 1 hit, 0 errors, 1 left on base; Seattle 1 - Texas 5
TOP OF THE 8TH
Seattle Mariners batting - Pitching for Texas Rangers : RHP Hector Aguado
Pitching: RHP Kyle Curve
Batting: RHB Steve Bartman Jr. 0-0: Called Strike
0-1: Ball
1-1: Fly out, F8 (Flyball, 8LM, EV 90.6 MPH)
Batting: SHB Tze-meng Gan 0-0: Called Strike
0-1: Foul Ball, location: 2F
0-2: Foul Ball, location: 2F
0-2: Ball
1-2: Ball
2-2: Ball
3-2: Foul Ball, location: 2F
3-2: Fly out, F8 (Flyball, 8RXD, EV 105.0 MPH)
Batting: RHB Willie Cardamone 0-0: Ball
1-0: Ball
2-0: Fly out, F8 (Line Drive, 8LM, EV 91.9 MPH)
Top of the 8th over - 0 runs, 0 hits, 0 errors, 0 left on base; Seattle 1 - Texas 5
BOTTOM OF THE 8TH
Texas Rangers batting - Pitching for Seattle Mariners : RHP Jesse Crockett
Batting: SHB Jun Tsuda 0-0: Foul Ball, location: 2F
0-1: Called Strike
0-2: Foul Ball, location: 2F
0-2: Fly out, F5 (Flyball, 56D, EV 91.2 MPH)
Batting: LHB Xavier Pittman 0-0: Fly out, F9 (Flyball, 9S, EV 83.8 MPH)
Batting: LHB Andy Bowman 0-0: Ball
1-0: Called Strike
1-1: Called Strike
1-2: Foul Ball, location: 2F
1-2: Ball
2-2: DOUBLE (Line Drive, 78M, EV 97.5 MPH)
Batting: LHB Alejandro Soriano 0-0: Swinging Strike
0-1: Ball
1-1: SINGLE (Flyball, 8RS, EV 88.1 MPH)
Andy Bowman to third
Runner from 3rd tries for Home, throw by CF and OUT! 8-2
Bottom of the 8th over - 0 runs, 2 hits, 0 errors, 1 left on base; Seattle 1 - Texas 5
TOP OF THE 9TH
Seattle Mariners batting - Pitching for Texas Rangers : RHP Kyle Curve
Batting: SHB Floyd-William Goof 0-0: Ball
1-0: Called Strike
1-1: Swinging Strike
1-2: Ball
2-2: Strikes out swinging
Batting: RHB Jose Vasquez 0-0: Ball
1-0: Foul Ball, location: 2F
1-1: Swinging Strike
1-2: Ball
2-2: Strikes out swinging
Batting: LHB Dae-ik Yoon 0-0: Foul Ball, location: 2F
0-1: Ball
1-1: SINGLE (Groundball, 56D, EV 107.5 MPH)
Batting: RHB Liu-liang Lei 0-0: Called Strike
0-1: Ball
1-1: Ball
2-1: Foul Ball, location: 2F
2-2: Strikes out swinging
Top of the 9th over - 0 runs, 1 hit, 0 errors, 1 left on base; Seattle 1 - Texas 5
Wednesday, June 22nd , 2022 - OOTP Baseball 23.4 Build 64